 Dungeon Crawl Stone Soup version 0.26-a0-58-g79b31b8662 (webtiles) character file.

Game seed: 8167005126048412330

93 BritishOli the Skirmisher (level 4, -2/36 HPs)
             Began as a Demonspawn Monk on June 8, 2020.
             Slain by Natasha (5 damage)
             ... on level 2 of the Dungeon.
             The game lasted 00:02:24 (2508 turns).

BritishOli the Skirmisher (Demonspawn Monk)         Turns: 2508, Time: 00:02:24

Health: -2/36      AC:  8    Str: 12    XL:     4   Next: 37%
Magic:  4/4        EV:  6    Int: 12    God:
Gold:   67         SH:  0    Dex: 15    Spells: 3/3 levels left

rFire    + . .     SeeInvis +   a - +0 falchion
rCold    x . .     Gourm    .   (no shield)
rNeg     . . .     Faith    .   m - +0 chain mail
rPois    .         Spirit   .   (no helmet)
rElec    .         Reflect  .   (no cloak)
rCorr    .         Harm     .   (no gloves)
MR       .....                  (no boots)
Stlth    ..........             k - amulet of inaccuracy (curse)
HPRegen  0.12/turn              d - ring of see invisible (curse)
MPRegen  0.09/turn              l - ring of fire

@: slowed, very slow
A: talons 1, rot immunity
a: no special abilities


You were on level 2 of the Dungeon.
You were not hungry.

You visited 1 branch of the dungeon, and saw 2 of its levels.

You collected 67 gold pieces.

Inventory:

Hand Weapons
 a - a +0 falchion (weapon)
Armour
 m - a +0 chain mail (worn)
Jewellery
 d - a cursed ring of see invisible (left hand)
 k - a cursed amulet of inaccuracy (around neck)
 l - a ring of fire (right hand)
Scrolls
 f - 2 scrolls of remove curse
 g - a scroll of identify
 h - a scroll of random uselessness {unknown}
 i - a scroll of teleportation {unknown}
 j - a scroll of amnesia
Comestibles
 b - 2 chunks of flesh
 c - 4 rations


   Skills:
 + Level 3.6 Fighting
 + Level 3.3 Long Blades
 + Level 1.3 Armour
 + Level 3.3 Dodging
 - Level 2.0 Stealth


You had 3 spell levels left.
You didn't know any spells.
Your spell library was empty.

Dungeon Overview and Level Annotations

Branches:
Dungeon (2/15)

Altars:

Annotations:
D:2 Natasha


Innate Abilities, Weirdness & Mutations

You have sharp toenails.
You are immune to rotting.


Message History

You miss Natasha.
Natasha is moderately wounded.
Natasha claws you.
* * * LOW HITPOINT WARNING * * *
Natasha casts a spell at you. The magic dart hits you!
* * * LOW HITPOINT WARNING * * *
You are too injured to fight recklessly!
You aren't carrying any potions.
As you read the scroll labeled MUDIDUAVOT, it crumbles to dust.
The scroll dissolves into smoke.
It was a scroll of fog.
Natasha claws you but does no damage. x2
As you read the scroll labeled OGHIRO NADA, it crumbles to dust.
It is a scroll of identify.
f - 2 scrolls of remove curse Natasha claws you but does no damage.
As you read the scroll labeled ODEKIFF EL CUA, it crumbles to dust.
It is a scroll of amnesia.
You feel forgetful for a moment. Natasha claws you.
You die...

#........ #. #.......# #.
#.......# ### #. #.......#
#<# ######. #.......#
#.#####...##. #.......+
#.#.......... #......§###
#............ +......gh§#
#............ #......§#@#
#............
........#§#.##.....#...##'
....##.##§#.##..........#(
... #.#..#.##..........#.
.. #.#.##.###.........#. #
#.#.##.######......#.
..#.##..............)
#.##..........##.##
#.##..........##.##


You could see Natasha (resistant) and a goblin.

Vanquished Creatures
  Terence (D:2)
  2 adders (D:2)
  2 oozes (D:1)
  A worm (D:2)
  2 dart slugs (D:1)
  A leopard gecko (D:2)
  5 giant cockroaches
  2 goblins
  4 hobgoblins (D:1)
  4 kobolds
  4 bats
  2 frilled lizards
  5 rats
35 creatures vanquished.

Notes
Turn   | Place    | Note
-------+----------+-------------------------------------------
     0 | D:1      | BritishOli the Demonspawn Monk began the quest for the Orb.
     0 | D:1      | Reached XP level 1. HP: 18/18 MP: 1/1
   161 | D:1      | Gained mutation: You have sharp toenails. [demonic
                  | ancestry]
   161 | D:1      | Reached XP level 2. HP: 20/24 MP: 2/2
   615 | D:1      | Reached XP level 3. HP: 23/29 MP: 3/3
  1745 | D:2      | Reached skill level 1 in Armour
  2254 | D:2      | Gained mutation: You are immune to rotting. [demonic
                  | ancestry]
  2254 | D:2      | Reached XP level 4. HP: 33/35 MP: 4/4
  2284 | D:2      | Noticed Terence
  2299 | D:2      | Killed Terence
  2491 | D:2      | Noticed Natasha
  2508 | D:2      | Slain by Natasha

Illustrated notes

Levels and vault maps discovered:
D:1:      heliophobic_arrival_henge, layout_basic, corexii_corridor_pit
D:2:      layout_basic, minmay_close_crescents, uniq_terence, uniq_natasha

Skill      XL: |  1  2  3 |
---------------+----------+-----
Stealth        | 2 |  2.0
Long Blades    | 3 |  3.3
Dodging        | 3 |  3.3
Armour         | 1 |  1.3
Fighting       | |  3.6

Action                   |  1- 3 |  4- 6 || total
-------------------------+-------+-------++-------
Melee: Falchion          |    86 |    20 ||   106
       Kick              |    13 |    11 ||    24
  Use: Scroll            |       |     3 ||     3
 Stab: Sleeping          |     6 |     1 ||     7
  Eat: Chunk             |     3 |     2 ||     5
Armor: Robe              |    15 |       ||    15
       Chain mail        |       |    12 ||    12
Dodge: Dodged            |    55 |     8 ||    63
       Rpst.: Falchion   |    16 |     4 ||    20

Table legend:
 A = Non-vault XP
 B = Vault XP
 C = Vault XP percentage of total XP
 D = Non-vault monster count
 E = Vault monster count
 F = Vault count percentage of total count
                 A         B        C        D         E       F
            +---------+---------+-------+---------+---------+-------
      Total |      92 |      42 |  31.3 |      30 |       5 |  14.3
            +---------+---------+-------+---------+---------+-------
        D:1 |      45 |       0 |   0.0 |      18 |       0 |   0.0
        D:2 |      47 |      42 |  47.2 |      12 |       5 |  29.4
            +---------+---------+-------+---------+---------+-------
